 Dungeon Crawl Stone Soup version 0.28.0-49-g6dfe1f597d (console) character file.

Game seed: 6000869177193469770

16386 Faeu the Severer (level 12, -2/113 HPs)
             Began as a Minotaur Berserker on May 16, 2022.
             Was an Elder of Trog.
             Slain by a boulder beetle (23 damage)
             ... on level 13 of the Dungeon.
             The game lasted 00:38:15 (15682 turns).

Faeu the Severer (Minotaur Berserker)              Turns: 15682, Time: 00:38:15

Health: -2/113     AC: 16    Str: 26    XL:     12   Next: 9%
Magic:  11/11      EV:  9    Int:  6    God:    Trog [****..]
Gold:   1727       SH:  5    Dex: 17    Spells: 11/11 levels left

rFire   . . .      SeeInvis .   c - +5 mace {chaos, Int+2, mace}
rCold   . . .      Faith    .   (no shield)
rNeg    . . .      Spirit   .   L - +0 plate armour
rPois   .          Reflect  +   (helmet restricted)
rElec   .          Harm     .   b - +0 cloak
rCorr   .          Rampage  .   f - +2 pair of gloves
Will    +....                   (no boots)
Stlth   ..........              H - amulet of reflection
HPRegen 0.28/turn               t - ring of willpower
MPRegen 0.12/turn               C - +6 ring of dexterity

@: on berserk cooldown, slowed, very slow
A: horns 2, retaliatory headbutt
a: Renounce Religion, Berserk, Trog's Hand, Brothers in Arms


You were on level 13 of the Dungeon.
You worshipped Trog.
Trog was greatly pleased with you.
You visited 2 branches of the dungeon, and saw 15 of its levels.

You collected 1727 gold pieces.


Innate Abilities, Weirdness & Mutations

You have a pair of horns on your head.
You reflexively headbutt those who attack you in melee.


   Skills:
 + Level 12.4 Fighting
 + Level 19.4 Axes
 + Level 5.0 Armour
 - Level 3.7 Dodging


You had 11 spell levels left.
You didn't know any spells.
Your spell library contained the following spells:

 Spells                   Type           Power      Damage    Failure   Level
 Freeze                   Ice            0%         1d3       100%        1
 Sandblast                Erth           0%         2d4       100%        1
 Passwall                 Tmut/Erth      0%         N/A       100%        2
 Scorch                   Fire           0%         2d5       100%        2
 Static Discharge         Conj/Air       0%         N/A       100%        2
 Frozen Ramparts          Ice            0%         1d2       100%        3
 Inner Flame              Hex/Fire       0%         N/A       100%        3
 Stone Arrow              Conj/Erth      0%         3d7       100%        3
 Cause Fear               Hex            0%         N/A       100%        4
 Dispel Undead            Necr           0%         3d6       100%        4
 Flame Wave               Conj/Fire      0%         2d4       100%        4
 Hailstorm                Conj/Ice       0%         3d3       100%        4
 Sticky Flame             Conj/Fire      0%         2d3       100%        4
 Summon Cactus Giant      Summ           0%         N/A       100%        6
 Discord                  Hex            0%         N/A       100%        8

Inventory:

Hand Weapons
 a - a +0 hand axe {axe}
 c - the +5 mace of Faeu's Pain and Death (weapon) {chaos, Int+2, mace}
   (You found it on level 9 of the Dungeon)

   Each time it hits an enemy it has a different, random effect.
   Int:       It affects your intelligence (+2).
 x - a +0 great mace {mace}
   (You found it on level 12 of the Dungeon)
Missiles
 D - 26 poisoned darts (quivered) {throwing}
 G - 4 atropa-tipped darts {throwing}
Armour
 b - a +0 cloak (worn)
   (You found it on level 9 of the Dungeon)
 f - a +2 pair of gloves (worn)
   (You found it on level 1 of the Dungeon)
 w - a +2 scale mail of fire resistance
   (You found it on level 12 of the Dungeon)
 L - a +0 plate armour (worn)
   (You found it on level 11 of the Dungeon)
Jewellery
 t - a ring of willpower (left hand)
   (You found it on level 4 of the Dungeon)
 C - a +6 ring of dexterity (right hand)
   (You found it on level 6 of the Dungeon)
 H - an amulet of reflection (around neck)
   (You found it on level 8 of the Dungeon)
 I - a ring of protection from cold
   (You found it on level 11 of the Dungeon)
 O - a ring of fire
   (You found it on level 12 of the Dungeon)
Wands
 u - a wand of flame (5)
   (You found it on level 10 of the Dungeon)
 F - a wand of paralysis (12)
   (You found it on level 7 of the Dungeon)
 J - a wand of mindburst (22)
   (You found it on level 8 of the Dungeon)
Scrolls
 d - 3 scrolls of enchant armour
 g - 7 scrolls of teleportation {@r4}
 h - 3 scrolls of fog
 i - 2 scrolls of enchant weapon
 j - a scroll of acquirement {unknown}
 l - 3 scrolls of magic mapping {!r}
 n - a scroll of holy word {unknown}
 r - a scroll of summoning {unknown}
 s - 2 scrolls of fear
 v - 2 scrolls of immolation {unknown}
 K - a scroll of torment {unknown}
 N - a scroll of brand weapon {unknown}
Potions
 e - 2 potions of berserk rage {unknown}
 m - 2 potions of haste {unknown}
 o - 2 potions of lignification {unknown}
 p - 7 potions of curing {@q1}
 q - a potion of might
 z - 2 potions of mutation {unknown}
 A - 2 potions of degeneration {unknown}
 E - 3 potions of heal wounds {@q2}
Miscellaneous
 k - a tin of tremorstones (1/2) {throwing}
   (You found it on level 10 of the Dungeon)

Dungeon Overview and Level Annotations

Branches:
Dungeon (13/15)            Temple (0/1) D:6            Lair (0/6) D:11
    Orc (2/2) D:9             Elf (0/3) Orc:2
 Vaults: D:13-14

Altars:
Elyvilon
Nemelex Xobeh
Ru
Trog
Wu Jian
Xom
The Shining One

Annotations:
D:12 exclusion: ice statue
Orc:1 1 runed translucent door, astronautguy's ghost, journeyman GrMo

####### ############
#.....#
.......<(..####.....#
..........○#@.+.$.>(#
......°°○○.'.##.....#
...........####.....#
####+####### ##+####


There were no monsters in sight!


Message History

You hit the cyclops.
The cyclops goes berserk!
You headbutt the cyclops! You thump the cyclops!
The cyclops suddenly seems more agile.
You headbutt the cyclops! The cyclops barely misses you.
You furiously retaliate!
You headbutt the cyclops. You hit the cyclops. You headbutt the cyclops!
The cyclops hits you! 😕 HP[-13]
You take 13 damage, and now have 100/113 hp.
You sock the cyclops! The cyclops hits you. 😕 HP[-2]
You take 2 damage, and now have 98/113 hp.
You thump the cyclops!
You kill the cyclops!
Trog accepts your kill.
Your Armour skill increases to level 5!
Unknown command.
You see here 4 large rocks {=fthrowing}. 😕 HP[+1]
q - a potion of might HP restored.
You open the door.
There is an open door here.
You open the door.
A boulder beetle comes into view.
The boulder beetle leaps!
There is an open door here. 😎 HP[+14]
The boulder beetle completely misses you.
You hit the boulder beetle but do no damage.
You block the boulder beetle's attack.
You hit the boulder beetle. You burn the boulder beetle.
The boulder beetle bites you but does no damage.
You hit the boulder beetle. You headbutt the boulder beetle!
You hit the boulder beetle but do no damage.
You punch the boulder beetle, but do no damage.
The boulder beetle bites you. 😕 HP[-4]
You take 4 damage, and now have 109/113 hp.
You hit the boulder beetle but do no damage.
The boulder beetle bites you but does no damage.
You hit the boulder beetle but do no damage.
The boulder beetle flickers and vanishes!
Deactivating autopickup; reactivate with Ctrl-A.
Something bites you. 😕 HP[-2]
You take 2 damage, and now have 107/113 hp.
You hit something but do no damage. 😕 HP[+1]
Something bites you!
There is an open door, spattered with blood here. 😕 HP[-8]
You take 8 damage, and now have 100/113 hp.
Something is blocking the doorway!
Something bites you! 😕 HP[-11]
You take 11 damage, and now have 89/113 hp.
You hit something but do no damage.
Nothing appears to happen.
Something bites you! 😮 HP[-13]
You take 13 damage, and now have 76/113 hp.
You closely miss something. Your headbutt misses something.
Something bites you but does no damage.
You hit something.
Nothing appears to happen.
You block something's attack.
You hit something but do no damage.
Nothing appears to happen.
Your headbutt misses something. Something bites you! 😮 HP[-15]
You take 15 damage, and now have 61/113 hp.
You hit something. Something bites you!
* * * LOW HITPOINT WARNING * * *
😨 HP[-13]
You take 13 damage, and now have 48/113 hp.
You barely miss something. You headbutt something.
Something bites you but does no damage. Something bites you!
* * * LOW HITPOINT WARNING * * *
😨 HP[-11]
You take 11 damage, and now have 37/113 hp.
A red film seems to cover your vision as you go berserk!
You feel yourself moving faster!
You feel mighty! Something bites you!!
* * * LOW HITPOINT WARNING * * *
😱 HP[-1]
You now have 169 max hp (+56).
You hit something but do no damage. You headbutt something.
Something bites you!
* * * LOW HITPOINT WARNING * * *
😱 HP[-7]
You take 7 damage, and now have 29/169 hp.
You bludgeon something!!
There is an open door, spattered with blood here. 😱 HP[+1]
You feel a strong urge to attack something.
You are no longer berserk.
You are exhausted.
You feel yourself slow down.
There is an open door, spattered with blood here. 😱 HP[-10]
You now have 113 max hp (-56).
You close the door. 😱 HP[+1]
Something hits you!!
You die...

Skill      XL: |  1  2  3  4  5  6  7  8  9 10 11 12 |
---------------+-------------------------------------+-----
Fighting       | 4 5 6 8 10 12 | 12.4
Axes           | 4 5 6 8 10 12 16 19 | 19.4
Armour         | 3 4 5 |  5.0
Dodging        | 3 |  3.7

Action                   |  1- 3 |  4- 6 |  7- 9 | 10-12 || total
-------------------------+-------+-------+-------+-------++-------
Melee: Hand axe          |    60 |    95 |   145 |       ||   300
       Headbutt          |    11 |    15 |    58 |    90 ||   174
       Punch             |       |     1 |     5 |     6 ||    12
       Trident           |       |       |   125 |   110 ||   235
       Mace              |       |       |       |   308 ||   308
Throw: Dart              |       |       |       |     2 ||     2
Invok: Berserk           |     1 |     2 |     8 |     9 ||    20
Evoke: Wand              |       |       |       |     1 ||     1
       Tin of tremorston |       |       |       |     1 ||     1
  Use: Scroll            |       |       |     5 |     7 ||    12
       Potion            |       |       |       |     4 ||     4
 Stab: Sleeping          |       |     1 |       |       ||     1
       Confused          |       |       |       |     1 ||     1
Armor: Animal skin       |    15 |    10 |       |       ||    25
       Chain mail        |       |    30 |   144 |   115 ||   289
       Plate armour      |       |       |       |    70 ||    70
Dodge: Dodged            |    40 |    49 |   119 |   149 ||   357
Block: Other             |       |       |       |    85 ||    85
       Reflection        |       |       |       |     1 ||     1

Levels and vault maps discovered:
D:1:      lordsloth_arrival_two_stooges, layout_loops_cross,
          amcnicky_mini_rare_corridor_liquid, dk_noncrumbling_4
D:2:      layout_loops_corners, basic_altar, basic_ecumenical_altar,
          dk_noncrumbling_3, uniq_sigmund
D:3:      layout_rooms
D:4:      minmay_chambers_of_twos, layout_basic, abandoned_shop
D:5:      layout_basic
D:6:      layout_loops_ring, mainiacjoe_overflow_big_doors,
          nicolae_overflow_hidden_temple, minmay_temple_entry_tees, uniq_duvessa
D:7:      layout_cave_pools
D:8:      layout_cave_pools, serial_column_ruins, column_ruins_square_large,
          column_ruins_corridor_straight, column_ruins_open_small,
          column_ruins_columns_straight, column_ruins_columns_straight,
          column_ruins_grid_1, column_ruins_open_tiny,
          minmay_misc_feat_four_crosses
D:9:      layout_big_octagon, kennysheep_orc_monster_closet_entryway,
          minmay_microvault
D:10:     nicolae_cairo_tiling_very_big, layout_irregular_city,
          nicolae_tso_carved_into_rock, st_stairs_3
D:11:     wad_arrow_thing, layout_basic
D:12:     minmay_goldmine, layout_rooms, minivault_15, uniq_psyche
D:13:     layout_roguey
Orc:1:    layout_diamond_mine, ebering_ghost_xom
Orc:2:    st_orc_rangers, layout_caves, basic_altar, uniq_sonja

Notes
Turn   | Place    | Note
-------+----------+-------------------------------------------
     0 | D:1      | Faeu the Minotaur Berserker began the quest for the Orb.
     0 | D:1      | Reached XP level 1. HP: 19/19 MP: 0/0
     0 | D:1      | magus.rc [v1.9.6]
   239 | D:1      | Reached XP level 2. HP: 27/27 MP: 1/1
   473 | D:1      | Reached skill level 4 in Fighting
   473 | D:1      | Reached skill level 4 in Axes
   719 | D:1      | Reached skill level 3 in Armour
   723 | D:1      | Reached XP level 3. HP: 33/33 MP: 2/2
   913 | D:2      | Found a white marble altar of Elyvilon.
  1036 | D:2      | Reached ** piety under Trog
  1053 | D:2      | Noticed Sigmund
  1060 | D:2      | Killed Sigmund
  1061 | D:2      | Reached skill level 4 in Armour
  1061 | D:2      | Reached skill level 3 in Dodging
  1061 | D:2      | Reached XP level 4. HP: 32/41 MP: 3/3
  1061 | D:2      | Reached XP level 5. HP: 37/47 MP: 4/4
  1485 | D:2      | Found a faded altar of an unknown god.
  1569 | D:2      | Reached skill level 5 in Axes
  1570 | D:2      | Reached skill level 5 in Fighting
  2189 | D:3      | Reached XP level 6. HP: 56/56 MP: 5/5
  2773 | D:4      | Reached skill level 6 in Fighting
  2773 | D:4      | Reached skill level 6 in Axes
  2919 | D:4      | Reached XP level 7. HP: 40/64 MP: 6/6
  3496 | D:4      | Reached skill level 7 in Fighting
  3496 | D:4      | Reached skill level 7 in Axes
  3618 | D:5      | Entered Level 5 of the Dungeon
  4059 | D:5      | Reached skill level 8 in Fighting
  4059 | D:5      | Reached skill level 8 in Axes
  4059 | D:5      | Reached XP level 8. HP: 74/74 MP: 7/7
  4879 | D:6      | You pick up a book of Hexes {forbidden} and begin
                  | reading...
  4879 | D:6      | You add the spells Inner Flame, Cause Fear and Discord to
                  | your library.
  4922 | D:6      | Found a sacrificial altar of Ru.
  4948 | D:6      | Reached skill level 9 in Fighting
  4948 | D:6      | Reached skill level 9 in Axes
  4960 | D:6      | Noticed a troll
  4973 | D:6      | Killed a troll
  5189 | D:6      | Found a sparkling altar of Nemelex Xobeh.
  5247 | D:6      | Reached skill level 10 in Fighting
  5249 | D:6      | Reached skill level 10 in Axes
  5353 | D:6      | Found a staircase to the Ecumenical Temple.
  5471 | D:6      | Reached *** piety under Trog
  5472 | D:6      | Reached XP level 9. HP: 70/85 MP: 8/8
  5557 | D:6      | Found an ornate altar of the Wu Jian Council.
  5583 | D:6      | Noticed Duvessa
  5591 | D:6      | Killed Duvessa
  5603 | D:6      | Noticed Dowan
  5607 | D:6      | Killed Dowan
  5730 | D:6      | Found a bloodstained altar of Trog.
  5738 | D:6      | You pick up a book of Frost {forbidden} and begin
                  | reading...
  5738 | D:6      | You add the spells Freeze, Frozen Ramparts and Hailstorm to
                  | your library.
  5954 | D:7      | You pick up a book of Geomancy {forbidden} and begin
                  | reading...
  5954 | D:7      | You add the spells Sandblast, Passwall and Stone Arrow to
                  | your library.
  6333 | D:7      | Reached skill level 11 in Fighting
  6333 | D:7      | Reached skill level 11 in Axes
  7061 | D:8      | Reached skill level 12 in Fighting
  7148 | D:8      | Reached skill level 12 in Axes
  7437 | D:8      | Reached XP level 10. HP: 97/97 MP: 9/9
  7646 | D:8      | You pick up a book of Touch {forbidden} and begin
                  | reading...
  7646 | D:8      | You add the spells Static Discharge, Sticky Flame and
                  | Dispel Undead to your library.
  8086 | D:9      | Reached skill level 13 in Axes
  8177 | D:9      | Reached **** piety under Trog
  8361 | D:9      | Found a staircase to the Orcish Mines.
  8620 | D:9      | Reached skill level 14 in Axes
  8929 | D:9      | Noticed a white ugly thing
  9095 | D:9      | Killed a white ugly thing
  9296 | D:9      | Identified the +5 mace of Faeu's Pain and Death {chaos,
                  | Int+2}
  9388 | D:9      | Reached skill level 15 in Axes
 10050 | D:10     | Entered Level 10 of the Dungeon
 10419 | D:10     | Reached skill level 16 in Axes
 10422 | D:10     | Reached XP level 11. HP: 101/104 MP: 10/10
 10518 | D:10     | Noticed a two-headed ogre
 10528 | D:10     | Killed a two-headed ogre
 10642 | D:10     | Found a glowing golden altar of the Shining One.
 10881 | D:10     | Noticed a two-headed ogre
 10890 | D:10     | Killed a two-headed ogre
 10891 | D:10     | Reached skill level 17 in Axes
 12118 | D:11     | Noticed a centaur warrior
 12232 | D:11     | Killed a centaur warrior
 12233 | D:11     | Reached skill level 18 in Axes
 12521 | D:11     | Found a staircase to the Lair.
 12718 | D:11     | Noticed a two-headed ogre
 12725 | D:11     | Killed a two-headed ogre
 12852 | D:11     | Noticed a two-headed ogre
 12861 | D:11     | Killed a two-headed ogre
 13307 | D:11     | Reached skill level 19 in Axes
 13495 | Orc:1    | Entered Level 1 of the Orcish Mines
 13706 | Orc:1    | Found a runed translucent door.
 13707 | Orc:1    | Found a shimmering altar of Xom.
 13707 | Orc:1    | Noticed astronautguy's ghost (journeyman GrMo)
 13708 | Orc:1    | Noticed a +0 morningstar of chaos
 13796 | Orc:2    | Entered Level 2 of the Orcish Mines
 13796 | Orc:2    | Found a staircase to the Elven Halls.
 13880 | Orc:2    | Noticed an ettin
 14048 | D:12     | Noticed Psyche
 14055 | D:12     | Killed Psyche
 14151 | D:12     | You pick up a book of Scorching {forbidden} and begin
                  | reading...
 14151 | D:12     | You add the spells Scorch, Flame Wave and Summon Cactus
                  | Giant to your library.
 14236 | D:12     | Reached XP level 12. HP: 71/112 MP: 11/11
 15252 | D:12     | HP: 25/113 [something/freezing blast (5)]
 15596 | D:13     | Reached skill level 5 in Armour
 15653 | D:13     | Noticed a boulder beetle
 15674 | D:13     | HP: 36/169 [something (20)]
 15682 | D:13     | Slain by a boulder beetle

Vanquished Creatures
  A centaur warrior (D:11)
  4 two-headed ogres
  An ugly thing (D:9)
  A cyclops (D:13)
  2 manticores
  4 centaur zombies
  A guardian serpent (shapeshifter) (D:11)
  A gargoyle (D:11)
  2 kobold demonologists
  Psyche (D:12)
  5 trolls
  A slime creature (D:9)
  Sigmund (D:2)
  2 shadows
  2 vampires
  2 wraiths
  6 yaks
  A wyvern (D:8)
  4 vampire mosquitoes (D:10)
  2 wargs (Orc:1)
  2 acid dragons
  2 water moccasins (D:8)
  Duvessa (D:6)
  8 orc warriors
  A necrophage (D:6)
  2 ice beasts
  A black bear (D:5)
  A sky beast (D:7)
  8 ogres
  4 centaurs
  3 bullfrogs
  5 kobold brigands
  7 gnoll sergeants
  2 scorpions
  A water moccasin zombie (D:5)
  Dowan (D:6)
  A water moccasin skeleton (D:6)
  12 killer bees
  6 wights
  A howler monkey (D:8)
  A hound (D:4)
  4 jellies
  A bullfrog zombie (D:6)
  3 orc priests
  A gnoll shaman (D:8)
  A bullfrog skeleton (D:6)
  6 orc wizards
  A scorpion zombie (D:5)
  2 killer bee zombies (D:8)
  A hound zombie (D:4)
  27 gnolls
  A howler monkey skeleton (D:5)
  5 adders
  A white imp (D:6)
  An ufetubus (D:6)
  2 worms
  4 dart slugs
  32 orcs
  9 bats
  9 endoplasms
  5 giant cockroaches
  6 goblins
  4 hobgoblins
  2 jackals (D:1)
  8 quokkas
  10 ball pythons
  2 frilled lizards (D:1)
  20 kobolds
  5 rats
287 creatures vanquished.

Table legend:
 A = Non-vault XP
 B = Vault XP
 C = Vault XP percentage of total XP
 D = Non-vault monster count
 E = Vault monster count
 F = Vault count percentage of total count
                 A         B        C        D         E       F
            +---------+---------+-------+---------+---------+-------
      Total |   16803 |    6606 |  28.2 |     229 |      58 |  20.2
            +---------+---------+-------+---------+---------+-------
        D:1 |      42 |       0 |   0.0 |      25 |       0 |   0.0
        D:2 |      48 |     231 |  82.8 |      20 |       1 |   4.8
        D:3 |      89 |       0 |   0.0 |      15 |       0 |   0.0
        D:4 |     356 |     208 |  36.9 |      13 |       8 |  38.1
        D:5 |     741 |       0 |   0.0 |      11 |       0 |   0.0
        D:6 |    1159 |     211 |  15.4 |      21 |       2 |   8.7
        D:7 |    1105 |       0 |   0.0 |      18 |       0 |   0.0
        D:8 |    2158 |       0 |   0.0 |      35 |       0 |   0.0
        D:9 |    1741 |    1514 |  46.5 |      17 |      21 |  55.3
       D:10 |    4559 |     404 |   8.1 |      20 |       3 |  13.0
       D:11 |    2256 |    3575 |  61.3 |      11 |      11 |  50.0
       D:12 |    1534 |     463 |  23.2 |      14 |      12 |  46.2
       D:13 |     519 |       0 |   0.0 |       1 |       0 |   0.0
      Orc:1 |     419 |       0 |   0.0 |       6 |       0 |   0.0
      Orc:2 |      77 |       0 |   0.0 |       2 |       0 |   0.0
            +---------+---------+-------+---------+---------+-------

Illustrated notes

Table legend:
 A = Kills in this place as a percentage of kills in entire the game.
 B = Kills by you in this place as a percentage of kills by you in the entire game.
 C = Kills by friends in this place as a percentage of kills by friends in the entire game.
 D = Other kills in this place as a percentage of other kills in the entire game.
 E = Experience gained in this place as a percentage of experience gained in the entire game.
 F = Experience gained in this place divided by the number of levels of this place that you have seen.
                   A       B       C       D       E      F
               +-------+-------+-------+-------+-------+----------------------
         Total | 100.0 | 100.0 |   N/A |   N/A | 100.0 | 1560.6
       Dungeon |  97.2 |  97.2 |   N/A |   N/A |  97.9 | 1762.5
  Orcish Mines |   2.8 |   2.8 |   N/A |   N/A |   2.1 | 248.0
               +-------+-------+-------+-------+-------+----------------------

Table legend: (Time is in decaauts)
 A = Elapsed time spent in this place.
 B = Non-inter-level travel time spent in this place.
 C = Inter-level travel time spent in this place.
 D = Time resting spent in this place.
 E = Time spent auto-exploring this place.
 F = Levels seen in this place.
 G = Mean time per level.
                   A        B        C        D        E       F      G
               +--------+--------+--------+--------+--------+-----+--------+
         Total |  15805 |  15175 |    630 |   4202 |   8045 |  15 | 1053.7 |
       Dungeon |  15395 |  14777 |    618 |   4163 |   7795 |  13 | 1184.2 |
  Orcish Mines |    410 |    398 |     12 |     39 |    250 |   2 |  205.0 |
               +--------+--------+--------+--------+--------+-----+--------+

Top non-repeatable levels by time:
    D:11: 1894 daAuts
     D:8: 1683 daAuts
    D:10: 1673 daAuts
    D:12: 1535 daAuts
     D:9: 1525 daAuts
     D:6: 1216 daAuts
     D:4: 1114 daAuts
     D:2: 1108 daAuts
     D:5: 1069 daAuts
     D:7: 1048 daAuts
     D:1: 840 daAuts
     D:3: 599 daAuts
   Orc:1: 375 daAuts
    D:13: 86 daAuts
   Orc:2: 35 daAuts
